 Dungeon Sprint DCSS version 0.28.0-53-g5a82cb258f (webtiles) character file.

Game seed: 16215860408201492171

435 cbfl8 the Fighter (level 6, -31/68 HPs)
             Began as a Minotaur Berserker on July 31, 2022.
             Was a Believer of Trog.
             Killed from afar by Sonja (34 damage)
             ... with a bolt of acid
             ... in the Dungeon (Sprint I: "Red Sonja").
             The game lasted 00:02:06 (396 turns).

cbfl8 the Fighter (Minotaur Berserker)               Turns: 396, Time: 00:02:07

Health: -31/68     AC:  7    Str: 22    XL:     6   Next: 68%
Magic:  5/5        EV: 11    Int:  4    God:    Trog [**....]
Gold:   305        SH:  0    Dex: 11    Spells: 5/5 levels left

rFire   . . .      SeeInvis .   a - +0 hand axe
rCold   . . .      Faith    .   (no shield)
rNeg    . . .      Spirit   .   k - +0 scale mail
rPois   .          Reflect  .   (helmet restricted)
rElec   .          Harm     .   (no cloak)
rCorr   .          Rampage  .   (no gloves)
Will    .....      NoTele   +   (no boots)
Stlth   ..........              (no amulet)
HPRegen 0.21/turn               (no ring)
MPRegen 0.09/turn               (no ring)

@: lethally poisoned (-31 -> -34), on berserk cooldown, hasted and slowed
A: horns 2, retaliatory headbutt
a: Renounce Religion, Berserk, Trog's Hand


You were in the Dungeon.
You worshipped Trog.
Trog was pleased with you.
You visited 1 branch You collected 305 gold pieces.

Inventory:

Hand Weapons
 a - a +0 hand axe (weapon)
Armour
 b - a +0 animal skin
 j - a +0 leather armour
 k - a +0 scale mail (worn)
Wands
 i - a wand of flame (20) (quivered)
Potions
 f - 2 potions of magic
 g - a potion of berserk rage


   Skills:
 * Level 11.2 Fighting
 * Level 11.1 Axes
 + Level 5.2 Armour
 * Level 5.6 Dodging
 * Level 3.1 Evocations


You had 5 spell levels left.
You didn't know any spells.
Your spell library was empty.

Dungeon Overview and Level Annotations

Branches:
Dungeon (1/1)

Altars:
Cheibriados
Dithmenos
Elyvilon
Fedhas
Gozag
Hepliaklqana
Kikubaaqudgha
Nemelex Xobeh
Okawaru
Qazlal
Ru
Sif Muna
Trog
Uskayaw
Vehumet
Wu Jian
Yredelemnul
Zin
The Shining One

Shops:
D *

Annotations:
D Sonja


Innate Abilities, Weirdness & Mutations

You have a pair of horns on your head.
You reflexively headbutt those who attack you in melee.


Message History

You are no longer berserk.
You are exhausted.
You feel yourself slow down.
You feel very sick.
Sonja casts a spell.
Sonja blinks!
You feel extremely sick.
Sonja zaps a wand.
The bolt of acid hits you!!
* * * LOW HITPOINT WARNING * * *
Sonja shouts, "Hah!
Missed me again!"
Sonja mumbles some strange words.
Sonja blinks!
You feel much better.
You feel very sick.
Sonja zaps a wand.
The bolt of acid hits you!!
* * * LOW HITPOINT WARNING * * *
You feel better.
Sonja gestures wildly while chanting.
Sonja blinks!
Sonja mumbles some strange words.
Sonja blinks!
You feel yourself speed up.
Sonja throws a curare-tipped dart.
The curare-tipped dart hits you.
You are poisoned.
You have difficulty breathing.
* * * LOW HITPOINT WARNING * * *
You feel as though you will be slow longer.
Okay, then.
Blink to where?
Press: ? - help, Dir - move target
As you read the scroll of blinking, it crumbles to dust.
* * * LOW HITPOINT WARNING * * *
You feel sick.
Sonja gestures wildly while chanting.
Sonja blinks!
Okay, then.
* * * LOW HITPOINT WARNING * * *
You feel sick.
Sonja zaps a wand.
The bolt of acid hits you!!
Ouch! That really hurt!
You die...

################
#<.#..)..#..'..#
#..)..#..').#..+
#..#####'#####'#
#..####..#...#.#
#..#__####..##@#
#..#_____##'#_.+
#⌠⌠#_.∩...†.§._#
####_..__##_.#+#
#_____###'#
####### #K# $.$
$.$# ##.##


You could see Sonja.

Vanquished Creatures
  Sigmund (D)
  A yak (D)
  An ogre (D)
  A jelly (D)
  Ijyb (D)
5 creatures vanquished.

Notes
Turn   | Place    | Note
-------+----------+-------------------------------------------
     0 | D        | cbfl8 the Minotaur Berserker began the quest for the Orb.
     0 | D        | Reached XP level 1. HP: 19/19 MP: 0/0
     2 | D        | Noticed Ijyb
     6 | D        | Killed Ijyb
     7 | D        | Reached skill level 5 in Fighting
     7 | D        | Reached skill level 5 in Axes
     7 | D        | Reached XP level 2. HP: 29/29 MP: 1/1
   150 | D        | Noticed an ogre
   153 | D        | Killed an ogre
   154 | D        | Reached XP level 3. HP: 40/40 MP: 2/2
   154 | D        | Reached XP level 4. HP: 48/48 MP: 3/3
   208 | D        | Noticed Sigmund
   213 | D        | Killed Sigmund
   213 | D        | Reached ** piety under Trog
   214 | D        | Reached XP level 5. HP: 58/58 MP: 4/4
   269 | D        | Found an ornate altar of the Wu Jian Council.
   269 | D        | Found a shimmering blue altar of Sif Muna.
   271 | D        | Found a radiant altar of Vehumet.
   276 | D        | Reached skill level 10 in Fighting
   276 | D        | Reached skill level 10 in Axes
   276 | D        | Reached skill level 5 in Dodging
   276 | D        | Reached XP level 6. HP: 65/66 MP: 5/5
   317 | D        | Found Morurgh's Assorted Antiques.
   317 | D        | Found an ancient bone altar of Kikubaaqudgha.
   317 | D        | Found a hazy altar of Hepliaklqana.
   317 | D        | Found a stormy altar of Qazlal.
   317 | D        | Found a hide-covered altar of Uskayaw.
   317 | D        | Found a blossoming altar of Fedhas.
   317 | D        | Found a bloodstained altar of Trog.
   317 | D        | Found an iron altar of Okawaru.
   317 | D        | Found a basalt altar of Yredelemnul.
   317 | D        | Found a glowing golden altar of the Shining One.
   317 | D        | Found a snail-covered altar of Cheibriados.
   317 | D        | Found a sacrificial altar of Ru.
   317 | D        | Found a glowing silver altar of Zin.
   317 | D        | Found a shadowy altar of Dithmenos.
   317 | D        | Found a white marble altar of Elyvilon.
   317 | D        | Noticed a yak
   321 | D        | Killed a yak
   322 | D        | Reached skill level 5 in Armour
   322 | D        | Found an opulent altar of Gozag.
   323 | D        | Found a sparkling altar of Nemelex Xobeh.
   381 | D        | Noticed Sonja
   396 | D        | HP: 3/68 [poisoned by Sonja (curare-tipped dart)]
   396 | D        | Killed from afar by Sonja

Illustrated notes

Levels and vault maps discovered:
D:        dungeon_sprint_1 [red_sonja_temple_1, red_sonja_temple_small_1]

Skill      XL: |  1  2  3  4  5  6 |
---------------+-------------------+-----
Fighting       | 5 7 9 10 11 | 11.2
Axes           | 5 7 9 10 11 | 11.1
Armour         | 3 4 5 |  5.2
Dodging        | 3 4 5 |  5.6
Evocations     | 2 3 |  3.1

Action                   |  1- 3 |  4- 6 || total
-------------------------+-------+-------++-------
Melee: Hand axe          |     5 |    13 ||    18
       Headbutt          |     1 |     2 ||     3
Invok: Berserk           |     2 |     3 ||     5
  Use: Potion            |       |     3 ||     3
       Scroll            |       |     1 ||     1
Armor: Scale mail        |       |     1 ||     1
Dodge: Dodged            |     1 |    10 ||    11
